 Dungeon Crawl Stone Soup version 0.29-a0-222-g5b244fca1f (webtiles) character file.

Game seed: 10932089066578309883

28 drugrobin the Chopper (level 2, -6/25 HPs)
             Began as a Demigod Fighter on Feb 28, 2022.
             Killed by divine providence
             ... invoked by an orc priest
              (11 damage)
             ... on level 2 of the Dungeon.
             The game lasted 00:01:52 (959 turns).

drugrobin the Chopper (Demigod Fighter)              Turns: 959, Time: 00:01:52

Health: -6/25      AC: 13    Str: 17    XL:     2   Next: 75%
Magic:  4/4        EV:  8    Int: 10    God:
Gold:   119        SH:  8    Dex: 13    Spells: 1/1 levels left

rFire   + . .      SeeInvis .   a - +0 war axe
rCold   . . .      Faith    .   b - +0 kite shield
rNeg    . . .      Spirit   .   i - quicksilver dragon scales
rPois   .          Reflect  .   (no helmet)
rElec   .          Harm     .   (no cloak)
rCorr   .          Rampage  .   g - +2 pair of gloves
Will    +....                   (no boots)
Stlth   +.........              (no amulet)
HPRegen 0.08/turn               k - ring of protection from fire
MPRegen 0.09/turn               (no ring)

@: no status effects
A: high MP 1, forlorn, divine attributes
a: no special abilities


You were on level 2 of the Dungeon.
You visited 1 branch of the dungeon, and saw 2 of its levels.

You collected 119 gold pieces.

Inventory:

Hand Weapons
 a - a +0 war axe (weapon)
Missiles
 h - 73 stones (quivered)
Armour
 b - a +0 kite shield (worn)
 c - a +0 buckler
 g - a +2 pair of gloves (worn)
 i - quicksilver dragon scales (worn)
Jewellery
 k - a ring of protection from fire (left hand)
Scrolls
 f - a scroll of teleportation {unknown}
Potions
 d - a potion of might
 e - a potion of curing {unknown}
 j - a potion of heal wounds {unknown}


   Skills:
 - Level 2.6 Fighting
 + Level 3.2 Axes
 - Level 2.6 Armour
 - Level 2.6 Shields


You had one spell level left.
You didn't know any spells.
Your spell library contained the following spells:

 Spells                   Type           Power      Damage    Failure   Level
 Sandblast                Erth           0%         2d4       91%         1
 Passwall                 Tmut/Erth      0%         N/A       97%         2
 Stone Arrow              Conj/Erth      0%         3d7       100%        3


Dungeon Overview and Level Annotations

Branches:
Dungeon (2/15)


Innate Abilities, Weirdness & Mutations

You have an increased reservoir of magic. (+10% MP)
You shall have no god before yourself.
Your divine heritage dramatically boosts your attributes as you level up.


Message History

You block the orc's attack.
Unknown command.
You hit the orc priest but do no damage.
The orc priest is moderately wounded.
You completely miss the orc. You block the orc priest's attack.
The orc hits you with a +0 hand axe. You block the orc priest's attack.
Unknown command.
Unknown command.
You barely miss the orc priest.
The orc priest is moderately wounded.
You completely miss the orc. The orc hits you with a +0 hand axe.
The orc priest miscasts a cantrip.
You block the orc's attack.
Unknown command.
Unknown command.
You hit the orc priest.
The orc priest is heavily wounded.
You hit the orc but do no damage.
The orc priest calls down the wrath of Beogh upon you.
Pain shoots through your body! You block the orc's attack.
The orc priest hits you with a +0 club.
* * * LOW HITPOINT WARNING * * *
The orc hits you but does no damage.
Unknown command.
Unknown command.
You hit the orc priest.
The orc priest is heavily wounded.
You closely miss the orc.
The orc priest hits you but does no damage.
You block the orc's attack. You block the orc priest's attack.
Unknown command.
Unknown command.
Unknown command.
You hit the orc priest but do no damage.
The orc priest is heavily wounded.
You slash the orc!
You kill the orc!
The orc priest invokes the aid of Beogh against you.
Beogh smites you!
You die...

#############
#.ooo)......#
#.###@.####.# #.#
##.############### #.#
#.'.....#........ #.#
#######.#.####### #.#
#.....#.....#.. #.#
#.#########.#.# #o#
#...........#..
#.####################
#.......#


You could see an orc priest and 2 orcs.

Vanquished Creatures
  2 dart slugs
  An orc (D:2)
  3 bats (D:1)
  3 endoplasms (D:1)
  A giant cockroach (D:1)
  3 hobgoblins
  2 quokkas (D:1)
  A ball python (D:1)
  2 frilled lizards (D:1)
  3 kobolds
  A rat (D:1)
  2 toadstools (D:1)
24 creatures vanquished.

Vanquished Creatures (others)
  6 fungi (D:1)
  3 toadstools (D:1)
9 creatures vanquished.

Grand Total: 33 creatures vanquished

Notes
Turn   | Place    | Note
-------+----------+-------------------------------------------
     0 | D:1      | drugrobin the Demigod Fighter began the quest for the Orb.
     0 | D:1      | Reached XP level 1. HP: 18/18 MP: 3/3
    28 | D:1      | Reached skill level 2 in Axes
   223 | D:1      | Reached XP level 2. HP: 25/25 MP: 4/4
   404 | D:1      | Reached skill level 3 in Axes
   959 | D:2      | Killed from afar by an orc priest

Illustrated notes

Levels and vault maps discovered:
D:1:      mainiacjoe_arrival_reflecting_pool, layout_rooms,
          dreamdust_ecumenical_altar_statues, minmay_door_square,
          minmay_gold_behind_fungi, minmay_misc_feat_tiny
D:2:      layout_loops_ring, basic_altar, hangedman_decor_lopped,
          roderic_serpentine_path

Skill      XL: |  1  2 |
---------------+-------+-----
Axes           | 2 3 |  3.2
Fighting       | |  2.6
Armour         | |  2.6
Shields        | |  2.6

Action                   || total
-------------------------++-------
Melee: War axe           ||    52
Armor: Quicksilver drago ||    17
Dodge: Dodged            ||    23
Block: Buckler           ||     7
       Kite shield       ||    14

Table legend: (Time is in decaauts)
 A = Elapsed time spent in this place.
 B = Non-inter-level travel time spent in this place.
 C = Inter-level travel time spent in this place.
 D = Time resting spent in this place.
 E = Time spent auto-exploring this place.
 F = Levels seen in this place.
 G = Mean time per level.
                   A        B        C        D        E       F      G
               +--------+--------+--------+--------+--------+-----+--------+
         Total |    983 |    970 |     13 |      0 |    728 |   2 |  491.5 |
       Dungeon |    983 |    970 |     13 |      0 |    728 |   2 |  491.5 |
               +--------+--------+--------+--------+--------+-----+--------+

Top non-repeatable levels by time:
     D:1: 680 daAuts
     D:2: 303 daAuts
